 Dungeon Crawl Stone Soup version 0.31-a0-1010-g5322dac6a2 (webtiles) character file.

Game seed: 15092976280365623381

105 kae the Cudgeller (level 5, -21/41 HPs)
             Began as a Formicid Fighter on Nov 16, 2023.
             Demolished by Edmund
             ... wielding a +2 heavy dire flail
              (23 damage)
             ... on level 4 of the Dungeon.
             The game lasted 00:01:07 (3037 turns).

kae the Cudgeller (Formicid Fighter)                Turns: 3037, Time: 00:01:08

Health: -21/41     AC:  6    Str: 29    XL:     5   Next: 9%
Magic:  5/5        EV:  9    Int:  7    God:
Gold:   156        SH:  5    Dex: 13    Spells: 4/4 levels left

rFire   . . .        a - +0 flail
rCold   . . .        c - +0 buckler
rNeg    . . .        b - +0 scale mail
rPois   .            (helmet unavailable)
rElec   .            q - scarf {+Inv}
rCorr   .            (no gloves)
SInv    +            (no boots)
Will    .....        (no amulet) Stlth
                     S - +6 ring of strength
HPRegen 0.26/turn    (no ring)
MPRegen 0.09/turn

%: no passive effects
@: no status effects
A: permanent stasis, dig shafts and tunnels, antennae 3, four strong arms
a: Dig, Shaft Self, Evoke Invisibility


You were on level 4 of the Dungeon.
You visited 1 branch of the dungeon, and saw 4 of its levels.

You collected 156 gold pieces.


Innate Abilities, Weirdness & Mutations

You cannot be hasted, slowed, berserked, paralysed or teleported.
You can dig through walls and to a lower floor.
You have a pair of large antennae on your head. (SInv)
Your four strong arms can wield two-handed weapons with a shield.


   Skills:
 - Level 3.2 Fighting
 + Level 4.8 Maces & Flails
 - Level 3.2 Armour
 - Level 4.0 Shields


You had 4 spell levels left.
You didn't know any spells.
Your spell library contained the following spells:

 Spells                   Type           Power      Damage    Failure   Level
 Apportation              Tloc           0%         N/A       75%         1
 Jinxbite                 Hex            0%         N/A       86%         2
 Alistair's Intoxication  Tmut/Pois      0%         N/A       100%        5

Inventory:

Hand Weapons
 a - a +0 flail (weapon)
Missiles
 f - 30 stones
 l - 3 boomerangs
 t - 3 poisoned darts
Armour
 b - a +0 scale mail (worn)
 c - a +0 buckler (worn)
 q - a scarf of invisibility (worn)
   (You found it on level 2 of the Dungeon)
Magical Staves
 n - a staff of conjuration {!a}
   (You found it on level 2 of the Dungeon)
Jewellery
 S - a +6 ring of strength (left hand)
   (You found it on level 2 of the Dungeon)
 Z - a ring of wizardry
   (You found it on level 4 of the Dungeon)
Scrolls
 e - a scroll of acquirement {unknown}
 g - 2 scrolls of brand weapon {unknown}
 i - 2 scrolls of enchant armour {unknown}
 m - 4 scrolls of identify {unknown}
 p - 2 scrolls of amnesia {unknown}
 s - a scroll of vulnerability {unknown}
 u - a scroll of poison {unknown}
Potions
 d - 3 potions of might
 h - a potion of resistance {unknown}
 j - a potion of curing {unknown}
 k - a potion of heal wounds {unknown}
 o - 2 potions of brilliance {unknown}
 r - a potion of berserk rage {unknown}

Dungeon Overview and Level Annotations

Branches:
Dungeon (4/15) Zot: 20925
 Temple: D:4-7

Altars:
Ru
Zin

Annotations:
D:4 1 runed translucent door, Crazy Yiuf, Edmund

#...........'......#.....
####........#####..#.....
#.)......# #..#.....
#........# #........
#........#####.......#
#..........>..........
#.###.#.####.#.#....#. #.
#.#.##..........#. #.
#@#.##.#...#.#..#. #.
##@#.##.#...#.#..รท.
#.g.....#...#.#....
#..........#...#.##..#
####....##.#...#.##...
#.......#...#.##..#
........#.........#
###...#.#.#.#.#...#
..##.#...#.#...#


You could see Edmund and a goblin.


Message History

Key pressed, stopping explore.
No target in view!
No target in view! ๐Ÿ˜Ž HP[+3]
Your hp is fully restored (41).
You now have 108 gold pieces (gained 6).
m - 4 scrolls labelled KAYCSETIWI (gained 1) Key pressed, stopping explore.
No target in view!
No target in view!
Found a glowing silver altar of Zin.
No target in view!
No target in view!
There is a glowing silver altar of Zin here.
Found a stone staircase leading down.
No target in view!
No target in view!
You now have 126 gold pieces (gained 18).
f - 30 stones (gained 2)
You see here a +0 chain mail.
You pick up a book of Party Tricks and begin reading...
You add the spells Apportation, Jinxbite and Alistair's Intoxication to your library.
No target in view!
No target in view!
Found a stone staircase leading down.
You sense a monster nearby.
No target in view!
No target in view!
There is a stone staircase leading down here.
You now have 139 gold pieces (gained 13).
A ball python and a goblin come into view.
The ball python hisses angrily.
The goblin shouts!
The goblin unwields a +0 dagger.
The goblin wields a +0 sling.
The goblin shoots a sling bullet.
The sling bullet barely misses you.
There are monsters nearby!
You thump the ball python!
You kill the ball python!
The goblin shoots a sling bullet.
The sling bullet barely misses you.
The goblin shoots a sling bullet.
The sling bullet hits you but does no damage.
A goblin is nearby!
The goblin unwields a +0 sling.
The goblin wields a +0 dagger.
The goblin hits you but does no damage.
You hit the goblin.
You kill the goblin!
Z - a ring of wizardry
u - a scroll labelled HISOUPR BADDUPS No target in view!
No target in view!
You see here a +0 ring mail.
Key pressed, stopping explore.
No target in view!
No target in view!
Found a runed translucent door.
No target in view!
No target in view!
You sense a monster nearby.
No target in view!
No target in view!
You see here a +0 ring mail.
You open the door.
There is an open door here.
You now have 156 gold pieces (gained 17).
There is an open door here.
You sense a monster nearby.
No target in view!
No target in view!
A goblin comes into view. It is wielding a +0 dagger.
Edmund the Younger comes into view.
He is wielding a +2 heavy dire flail.
Edmund completely misses you.
Okay, then.
You feel stronger.
S - a +6 ring of strength (left hand)
You hit Edmund.
Edmund hits you with a +2 heavy dire flail!!
You are too injured to fight recklessly! ๐Ÿ˜ฎ HP[-18]
You take 18 damage, and now have 23/41 hp.
MASSIVE DAMAGE!! (PAUSE)
You hit Edmund.
Edmund hits you with a +2 heavy dire flail!
* * * LOW HITPOINT WARNING * * *
๐Ÿ˜จ HP[-10]
You take 10 damage, and now have 13/41 hp.
MASSIVE DAMAGE!! (PAUSE)
You hit Edmund. ๐Ÿ˜จ HP[+1] Unknown command.
You thump Edmund! Edmund closely misses you.
You hit Edmund.
Edmund hits you with a +2 heavy dire flail!
* * * LOW HITPOINT WARNING * * *
๐Ÿ˜ฑ HP[-13]
You take 13 damage, and now have 1/41 hp.
MASSIVE DAMAGE!! (PAUSE)
You hit Edmund.
Edmund hits you with a +2 heavy dire flail!!
Ouch! That really hurt!
You die...
Edmund says, "That'll show my brother!"

Skill      XL: |  1  2  3 |
---------------+----------+-----
Maces & Flails | 3 4 |  4.8
Fighting       | |  3.2
Armour         | |  3.2
Shields        | |  4.0

Action                     |  1- 3 |  4- 6 || total
---------------------------+-------+-------++-------
  Melee: Flail             |    89 |    62 ||   151
 Armour: Scale mail        |    59 |    33 ||    92
  Dodge: Dodged            |    30 |    32 ||    62
  Block: Buckler           |    21 |    14 ||    35

Levels and vault maps discovered:
D:1:      dpeg_arrival_renting, layout_basic
D:2:      minmay_skewed_foursquare, layout_loops_ring, basic_altar, st_stairs_1,
          cheibrodos_gnoll_hut
D:3:      layout_loops_ring, hangedman_decor_slide_cut,
          grunt_decor_mini_mirrors, kennysheep_nub, grunt_ministairs_14,
          kennysheep_generic_room_15
D:4:      layout_basic, lemuel_crystal_altar, minmay_misc_feat_enclosed,
          uniq_ijyb, uniq_edmund, uniq_crazy_yiuf_cottage

Notes
Turn   | Place    | Note
-------+----------+-------------------------------------------
     0 | D:1      | kae the Formicid Fighter began the quest for the Orb.
     0 | D:1      | Reached XP level 1. HP: 18/18 MP: 1/1
     0 | D:1      | magus.rc [v1.11.3]
   281 | D:1      | Reached XP level 2. HP: 24/24 MP: 2/2
   473 | D:1      | Reached skill level 3 in Maces & Flails
   697 | D:1      | Reached XP level 3. HP: 29/29 MP: 3/3
  1130 | D:2      | Found a sacrificial altar of Ru.
  1492 | D:2      | Reached skill level 4 in Maces & Flails
  1492 | D:2      | Reached XP level 4. HP: 35/35 MP: 4/4
  2022 | D:3      | Identified the +2 helmet of Time Monsters {rPois rN+++
                  | Str-4 SInv}
  2253 | D:3      | Identified the +5 long sword of the Sun {freeze, Fragile
                  | Fly rN+}
  2766 | D:4      | Reached XP level 5. HP: 38/41 MP: 5/5
  2819 | D:4      | Found a glowing silver altar of Zin.
  2902 | D:4      | You pick up a book of Party Tricks and begin reading...
  2902 | D:4      | You add the spells Apportation, Jinxbite and Alistair's
                  | Intoxication to your library.
  2994 | D:4      | Found a runed translucent door.
  2995 | D:4      | Noticed Crazy Yiuf
  3027 | D:4      | Noticed Edmund
  3036 | D:4      | HP: 1/41 [Edmund/+2 heavy dire flail (13)]
  3037 | D:4      | Demolished by Edmund

Vanquished Creatures
  A sleepcap (D:4)
  A gnoll (D:2)
  2 worms (D:3)
  A dart slug (D:3)
  7 endoplasms
  3 giant cockroaches
  10 goblins
  4 hobgoblins
  2 jackals (D:2)
  A quokka (D:3)
  5 ball pythons
  7 bats
  4 frilled lizards
  2 kobolds
  8 rats
58 creatures vanquished.

Table legend:
 A = Non-vault XP
 B = Vault XP
 C = Vault XP percentage of total XP
 D = Non-vault monster count
 E = Vault monster count
 F = Vault count percentage of total count
                 A         B        C        D         E       F
            +---------+---------+-------+---------+---------+-------
      Total |     116 |      35 |  23.2 |      44 |      14 |  24.1
            +---------+---------+-------+---------+---------+-------
        D:1 |      37 |       0 |   0.0 |      21 |       0 |   0.0
        D:2 |       6 |      27 |  81.8 |       5 |      10 |  66.7
        D:3 |      23 |       8 |  25.8 |      11 |       4 |  26.7
        D:4 |      50 |       0 |   0.0 |       7 |       0 |   0.0
            +---------+---------+-------+---------+---------+-------

Skill      XL: |  1  2  3 |
---------------+----------+-----
Maces & Flails | 3 4 |  4.8
Fighting       | |  3.2
Armour         | |  3.2
Shields        | |  4.0

Action                     |  1- 3 |  4- 6 || total
---------------------------+-------+-------++-------
  Melee: Flail             |    89 |    62 ||   151
 Armour: Scale mail        |    59 |    33 ||    92
  Dodge: Dodged            |    30 |    32 ||    62
  Block: Buckler           |    21 |    14 ||    35

Illustrated notes

Table legend:
 A = Kills in this place as a percentage of kills in the entire game.
 B = Kills by you in this place as a percentage of kills by you in the entire game.
 C = Kills by friends in this place as a percentage of kills by friends in the entire game.
 D = Other kills in this place as a percentage of other kills in the entire game.
 E = Experience gained in this place as a percentage of experience gained in the entire game.
 F = Experience gained in this place divided by the number of levels of this place that you have seen.
                   A       B       C       D       E      F
               +-------+-------+-------+-------+-------+----------------------
         Total | 100.0 | 100.0 |   N/A |   N/A | 100.0 |  37.8
       Dungeon | 100.0 | 100.0 |   N/A |   N/A | 100.0 |  37.8
               +-------+-------+-------+-------+-------+----------------------

Table legend: (Time is in decaauts)
 A = Elapsed time spent in this place.
 B = Non-inter-level travel time spent in this place.
 C = Inter-level travel time spent in this place.
 D = Time resting spent in this place.
 E = Time spent auto-exploring this place.
 F = Levels seen in this place.
 G = Mean time per level.
                   A        B        C        D        E       F      G
               +--------+--------+--------+--------+--------+-----+--------+
         Total |   3073 |   2946 |    127 |      0 |   2542 |   4 |  768.2 |
       Dungeon |   3073 |   2946 |    127 |      0 |   2542 |   4 |  768.2 |
               +--------+--------+--------+--------+--------+-----+--------+

Top non-repeatable levels by time:
     D:1: 1003 daAuts
     D:2: 864 daAuts
     D:3: 842 daAuts
     D:4: 362 daAuts
